 Dungeon Crawl Stone Soup version 0.21.0 (webtiles) character file.

4844 Leibowitz the Spear-Bearer (level 10, -1/79 HPs)
             Began as a Merfolk Gladiator on Jan 7, 2018.
             Was an Elder of Okawaru.
             Slain by a wolf (5 damage)
             ... led by Grum
             ... on level 8 of the Dungeon.
             The game lasted 00:22:20 (8539 turns).

Leibowitz the Spear-Bearer (Merfolk Gladiator)      Turns: 8539, Time: 00:22:21

Health: -1/79      AC:  6    Str: 16    XL:     10   Next: 49%
Magic:  0/10       EV: 19    Int:  9    God:    Okawaru [****..]
Gold:   512        SH:  0    Dex: 16    Spells: 8/9 levels left

rFire    . . .     SeeInvis .   a - +1 trident (flame)
rCold    . . .     Gourm    .   (no shield)
rNeg     . . .     Faith    .   z - +1 robe {MR+}
rPois    .         Spirit   +   c - +0 helmet
rElec    .         Reflect  .   b - +0 cloak
rCorr    .         Harm     .   q - +0 pair of gloves
MR       ++...                  (no boots)
Stlth    +++.......             m - amulet of guardian spirit
HPRegen  0.23/turn              k - ring of protection from magic
MPRegen  0.12/turn              y - +1 ring of slaying

@: no status effects
A: change form in water, swift swim, stealthy swim
a: Heroism, Renounce Religion


You were on level 8 of the Dungeon.
You worshipped Okawaru.
Okawaru was greatly pleased with you.
You were not hungry.

You visited 2 branches of the dungeon, and saw 9 of its levels.

You collected 512 gold pieces.

Inventory:

Hand Weapons
 a - a +1 trident of flaming (weapon)
 u - a +1 trident
Missiles
 d - a throwing net (quivered)
 g - 3 poisoned tomahawks
 r - 8 poisoned needles
 t - 7 needles of confusion
 w - 7 silver javelins
Armour
 b - a +0 cloak (worn)
 c - a +0 helmet (worn)
 q - a +0 pair of gloves (worn)
 z - a +1 robe of magic resistance (worn)
Jewellery
 j - a +2 ring of intelligence
 k - a ring of protection from magic (left hand)
 m - an amulet of guardian spirit (around neck)
 s - an uncursed ring of flight
 y - a +1 ring of slaying (right hand)
 D - an uncursed ring of ice
Scrolls
 e - 8 scrolls of identify
 i - a scroll of fear
 p - 5 scrolls of remove curse
 A - 2 scrolls of teleportation
 B - a scroll of enchant weapon
Potions
 l - 3 potions of agility
 n - a potion of lignification
 o - a potion of haste
 v - a potion of magic
 x - a potion of resistance
Comestibles
 f - 15 rations


   Skills:
 * Level 7.3 Fighting
 * Level 14.2 Polearms
 - Level 2.0 Throwing
 * Level 4.0 Armour
 * Level 9.6 Dodging
 + Level 3.7 Stealth


You had 8 spell levels left.
You knew the following spells:

 Your Spells              Type           Power        Failure   Level  Hunger
a - Confusing Touch       Hex            #.....       38%         1    ##.....


Dungeon Overview and Level Annotations

Branches:
Dungeon (8/15)             Temple (1/1) D:6
   Lair: D:8-11

Altars:
Cheibriados
Dithmenos
Elyvilon
Fedhas
Gozag
Hepliaklqana
Kikubaaqudgha
Makhleb
Okawaru
Qazlal
Ru
Uskayaw
Vehumet
Xom
Yredelemnul
Zin

Annotations:
D:8 Gastronok, Grum


Message History

You hit Gastronok. You burn Gastronok.
Gastronok is severely wounded.
The wolf completely misses you. The wolf misses you.
You hit Gastronok but do no damage.
Gastronok is severely wounded.
The wolf misses you. The wolf bites you!
* * * LOW HITPOINT WARNING * * *
The rat misses you. The rat barely misses you.
A wolf comes into view.
You puncture Gastronok! You burn Gastronok.
Gastronok is severely wounded.
The wolf closely misses you. x2; Gastronok bites you!!
* * * LOW HITPOINT WARNING * * *
Unknown command.
You feel better. The wolf closely misses you. The wolf bites you.
* * * LOW HITPOINT WARNING * * *
The rat closely misses you. The rat bites you.
* * * LOW HITPOINT WARNING * * *
The wolf barely misses you. The wolf bites you.
You die...

#...# #.## #.####(.##
#### #..# ##.#..#<.#.
##(## #.....#.... .##
#..# #..##.#.... ...###
##.###.....#.###
......#####.(##.#####.##_
.(..g....###.##.#.#....#.
....h..hh#...(....#....#.
.....h.w@#)##.#.#.#.#.###
.......rr#.##.)##.#.#.###
.......[.'.##.....#.###.#
###......#####..)...##_.'
.........# #........##.#
......#### #.........###
...... #..........##
....## ####..........#.
.... #.............#.


You could see Gastronok, Grum, 4 wolves and 2 rats.

Vanquished Creatures
  A two-headed ogre (D:8)
  The ghost of loralnil the Ruffian, a novice VSTm of Dithmenos (D:7)
  Eustachio (D:5)
  A water moccasin (D:8)
  4 orc warriors
  3 ice beasts
  3 sky beasts
  A black bear (D:8)
  4 ogres
  6 centaurs
  4 bullfrogs
  2 scorpions
  4 wights (D:8)
  2 crimson imps
  4 hounds
  5 orc priests
  2 centaur skeletons
  12 orc wizards
  3 bullfrog skeletons
  Terence (D:2)
  Jessica (D:2)
  An iguana (D:8)
  6 worker ants
  2 hound skeletons
  A mummy (D:6)
  5 adders
  11 gnolls
  3 shadow imps
  An ooze (D:2)
  2 adder skeletons (D:6)
  2 worms
  3 dart slugs
  A leopard gecko (D:3)
  19 orcs
  4 bats
  4 giant cockroaches
  8 goblins
  3 hobgoblins
  2 jackals (D:5)
  8 kobolds
  A ball python (D:1)
  5 frilled lizards
  A quokka zombie (D:5)
  9 rats
167 creatures vanquished.

Notes
Turn   | Place    | Note
-------+----------+-------------------------------------------
     0 | D:1      | Leibowitz the Merfolk Gladiator began the quest for the Orb.
     0 | D:1      | Reached XP level 1. HP: 16/16 MP: 1/1
   104 | D:1      | Reached XP level 2. HP: 5/22 MP: 2/2
   775 | D:1      | Reached skill level 5 in Polearms
  1074 | D:2      | Noticed Terence
  1082 | D:2      | Killed Terence
  1082 | D:2      | Reached XP level 3. HP: 15/28 MP: 3/3
  1239 | D:2      | Noticed Jessica
  1249 | D:2      | Reached skill level 1 in Armour
  1252 | D:2      | Killed Jessica
  1252 | D:2      | Reached XP level 4. HP: 24/34 MP: 4/4
  1615 | D:2      | Found a white marble altar of Elyvilon.
  2012 | D:3      | Reached skill level 6 in Polearms
  2012 | D:3      | Reached skill level 5 in Dodging
  2135 | D:3      | Reached XP level 5. HP: 35/39 MP: 5/5
  2998 | D:4      | Reached skill level 7 in Polearms
  2998 | D:4      | Reached XP level 6. HP: 32/47 MP: 4/6
  3507 | D:5      | Entered Level 5 of the Dungeon
  3539 | D:5      | Noticed an ice beast
  3559 | D:5      | Killed an ice beast
  3559 | D:5      | Reached skill level 8 in Polearms
  3559 | D:5      | Reached XP level 7. HP: 38/52 MP: 5/7
  3779 | D:5      | Reached skill level 9 in Polearms
  3779 | D:5      | Reached skill level 1 in Stealth
  3990 | D:5      | Noticed Eustachio
  4030 | D:5      | Killed Eustachio
  4104 | D:5      | Reached XP level 8. HP: 52/60 MP: 6/8
  4236 | D:5      | Reached skill level 10 in Polearms
  4244 | D:5      | Found a burning altar of Makhleb.
  4246 | D:5      | Found a stormy altar of Qazlal.
  4246 | D:5      | Found a radiant altar of Vehumet.
  4287 | D:5      | Found a shadowy altar of Dithmenos.
  4287 | D:5      | Found a glowing silver altar of Zin.
  4287 | D:5      | Found a shimmering altar of Xom.
  4521 | D:6      | Found a snail-covered altar of Cheibriados.
  4540 | D:6      | Found a staircase to the Ecumenical Temple.
  4562 | Temple   | Entered the Ecumenical Temple
  4590 | Temple   | Became a worshipper of Warmaster Okawaru
  4879 | D:6      | Reached skill level 11 in Polearms
  5126 | D:6      | Reached * piety under Okawaru
  5126 | D:6      | Reached skill level 5 in Fighting
  5226 | D:6      | Learned a level 1 spell: Confusing Touch
  5246 | D:6      | Reached XP level 9. HP: 68/68 MP: 9/9
  5584 | D:7      | Reached skill level 12 in Polearms
  6222 | D:7      | Reached ** piety under Okawaru
  6472 | D:7      | Found a glowing silver altar of Zin.
  6934 | D:7      | Noticed loralnil's ghost (novice VSTm)
  6958 | D:7      | Killed loralnil's ghost
  6958 | D:7      | Reached skill level 13 in Polearms
  7443 | D:8      | Reached XP level 10. HP: 15/77 MP: 3/10
  7450 | D:8      | Reached *** piety under Okawaru
  7837 | D:8      | Found a shadowy altar of Dithmenos.
  7911 | D:8      | Noticed a two-headed ogre
  7923 | D:8      | Killed a two-headed ogre
  7923 | D:8      | Reached skill level 14 in Polearms
  8342 | D:8      | Reached **** piety under Okawaru
  8376 | D:8      | Found a hide-covered altar of Uskayaw.
  8381 | D:8      | Found a burning altar of Makhleb.
  8386 | D:8      | Found a hazy altar of Hepliaklqana.
  8396 | D:8      | Found a radiant altar of Vehumet.
  8407 | D:8      | Found an ancient bone altar of Kikubaaqudgha.
  8414 | D:8      | Found a stormy altar of Qazlal.
  8419 | D:8      | Found a basalt altar of Yredelemnul.
  8493 | D:8      | Noticed Gastronok
  8534 | D:8      | Noticed Grum
  8538 | D:8      | HP: 2/79 [Gastronok (20)]
  8539 | D:8      | Slain by a wolf

Skill      XL: |  1  2  3  4  5  6  7  8  9 10 |
---------------+-------------------------------+-----
Polearms       | 5 6 7 8 9 11 13 14 | 14.2
Armour         | 1 2 3 4 |  4.0
Dodging        | 5 6 7 8 9 |  9.6
Fighting       | 3 4 5 6 7 |  7.3
Stealth        | 1 2 3 |  3.7
Throwing       | |  2.0

Action                   |  1- 3 |  4- 6 |  7- 9 | 10-12 || total
-------------------------+-------+-------+-------+-------++-------
Melee: Trident           |    82 |   173 |   410 |   124 ||   789
Throw: Throwing net      |       |       |     1 |     1 ||     2
 Cast: Confusing Touch   |       |       |     1 |       ||     1
  Use: Scroll            |       |    12 |     4 |       ||    16
       Potion            |       |     2 |     1 |     4 ||     7
 Stab: Sleeping          |       |     2 |     7 |     3 ||    12
       Distracted        |       |       |     1 |       ||     1
       Held in net/web   |       |       |     1 |     1 ||     2
  Eat: Chunk             |     1 |     7 |    13 |     4 ||    25
Armor: Leather armour    |    24 |    18 |       |       ||    42
       Robe              |       |     7 |    69 |    14 ||    90
Dodge: Dodged            |    59 |   127 |   279 |    72 ||   537
